AoeStats
← NPG | gab

Nomad

509094814Analyzed
2v2 RM · 7d ago on Sep 25, 2026· 46m 10s· 4 players
Game mode
Random Map
Map size
176×176
Population
200
Speed
Normal
Resources
Standard
Victory
Conquest
Starting age
Dark Age
Ending age
Imperial Age
RankedLock teamsTeams togetherTeam positionsShared explorationLock speedFull tech treeHidden civsTurbo modeCheats
Victory
Defeat
🇦🇷 Goths · Argentina
1058
+14
🇪🇸 Huns · Spain
1007
+16
🇦🇷 Slavs · Argentina
1025
-15
🇦🇷 Lithuanians · Argentina
1004
-15
NPG | gab
6:36 Loom
15:36 Feudal Age
25:30 Castle Age
24:54 Fletching
34:41 Scale Barding Armor
38:16 Chain Barding Armor
39:02 Bodkin Arrow
41:57 Forging
47:24 Imperial Age
45:37 Wheelbarrow
45:55 Iron Casting
46:17 Scale Mail Armor
MarionChip
5:03 Loom
14:01 Feudal Age
15:23 Double-Bit Axe
16:16 Wheelbarrow
15:35 Horse Collar
16:41 Gold Mining
26:52 Castle Age
25:48 Scale Barding Armor
25:54 Forging
26:07 Bloodlines
27:08 Fletching
30:07 Husbandry
33:05 Stone Mining
34:51 Chain Barding Armor
41:13 Iron Casting
46:34 Imperial Age
46:33 Hand Cart
TETE SKEDAR
14:51 Feudal Age
15:08 Man-at-Arms
20:57 Forging
22:08 Wheelbarrow
25:03 Castle Age
24:48 Double-Bit Axe
25:17 Loom
26:01 Scale Barding Armor
29:04 Stone Mining
29:33 Bloodlines
32:32 Marauders
32:54 Husbandry
36:21 Ballistics
35:58 Pikeman
44:04 Horse Collar
DoNAlfio
15:19 Feudal Age
16:11 Man-at-Arms
17:11 Fishing Lines
18:14 Forging
18:04 Scale Mail Armor
21:36 Wheelbarrow
26:16 Castle Age
25:43 Fletching
25:54 Padded Archer Armor
25:46 Horse Collar
28:30 Iron Casting
28:11 Chain Mail Armor
28:41 Wheelbarrow
28:52 Double-Bit Axe
29:10 Heavy Plow
29:09 Bodkin Arrow
32:03 Gillnets
34:10 Town Watch
36:17 Pikeman
36:57 Squires
42:43 Imperial Age
40:56 Long Swordsman
41:04 Demolition Ship
43:34 Anarchy
45:08 Blast Furnace
44:05 Halberdier
45:59 Conscription
Connection lost

Rejoining the realm…

Still unreachable

The connection could not be restored.

Session expired

The server has moved on; the page needs a fresh start.